 Dungeon Crawl Stone Soup version 0.16.2-12-gd0ad4c3 (webtiles) character file.

42273 faibistes the Thaumaturge (level 13, -3/72 HPs)
             Began as a Deep Elf Wizard on Feb 23, 2019.
             Was the Champion of Sif Muna.
             Slain by a death yak (12 damage)
             ... on level 7 of the Lair of Beasts.
             The game lasted 01:14:40 (27100 turns).

faibistes the Thaumaturge (Deep Elf Wizard)        Turns: 27100, Time: 01:14:40

Health: -3/72      AC: 11    Str:  4    XL:     13   Next: 84%
Magic:  6/46       EV: 15    Int: 36    God:    Sif Muna [******]
Gold:   970        SH:  0    Dex: 10    Spells: 11 memorised, 2 levels left

rFire  + . .     SeeInvis .     w - +4 whip "Bleg" {freeze, rF+ MP+9 Int+2 Dex-3}
rCold  . . .     Clarity  .     C - +1 robe {rN+}
rNeg   + . .     SustAb   .     (no shield)
rPois  .         Gourm    .     b - +0 hat
rElec  .         Spirit   .     h - +2 cloak
rCorr  +         Warding  .     (no gloves)
rMut   .         Stasis   .     (no boots)
MR     +....                    p - amulet of resist corrosion
Stlth  ++........               G - +5 ring of intelligence
                                B - +5 ring of protection

@: starving, repel missiles, somewhat resistant to hostile enchantments,
unstealthy
A: no striking features
a: Channel Energy, Forget Spell, Renounce Religion


You were on level 7 of the Lair of Beasts.
You worshipped Sif Muna.
Sif Muna was exalted by your worship.
You were starving.

You visited 3 branches of the dungeon, and saw 19 of its levels.

You collected 970 gold pieces.

Inventory:

Hand weapons
 w - the +4 whip "Bleg" (weapon) {freeze, rF+ MP+9 Int+2 Dex-3}
   (You found it on level 8 of the Dungeon)

   It has been specially enchanted to freeze those struck by it, causing extra
   injury to most foes and up to half again as much damage against particularly
   susceptible opponents.
   It can also slow down cold-blooded creatures.
   It affects your intelligence (+2).
   It affects your dexterity (-3).
   It protects you from fire.
   It affects your magic capacity (+9).
Armour
 b - a +0 hat (worn)
 h - a +2 cloak (worn)
 C - a +1 robe of positive energy (worn)
Magical staves
 c - an uncursed staff of poison
Jewellery
 p - an amulet of resist corrosion (around neck)
 u - an uncursed ring of ice
 B - a +5 ring of protection (left hand)
 G - a +5 ring of intelligence (right hand)
 J - an uncursed ring of see invisible
 K - an uncursed amulet of warding
 N - an uncursed amulet of regeneration
 R - an uncursed ring of fire
Magical devices
 a - a wand of slowing (25)
 f - a wand of frost (15)
 v - a wand of draining (7)
 I - a wand of teleportation (1)
 Q - a wand of confusion (25)
 T - a wand of magic darts (40)
 V - a wand of slowing (22)
 X - a wand of random effects (19)
Scrolls
 e - a scroll of immolation
 g - 5 scrolls of remove curse
 i - 3 scrolls of recharging
 j - 5 scrolls of magic mapping
 n - 4 scrolls of fear
 r - 2 scrolls of blinking
 y - 3 scrolls of identify
 M - a scroll of teleportation
Potions
 k - a potion of might
 l - 3 potions of agility
 m - 9 potions of curing
 o - 3 potions of flight
 s - 3 potions of restore abilities
 t - 3 potions of brilliance
 z - 2 potions of lignification
 E - a potion of resistance
 F - a potion of ambrosia
 L - a potion of berserk rage
 O - a potion of haste
 P - a potion of cancellation
 S - a potion of magic
Books
 D - Phuestun's Tome of Battle Magic
   (Sif Muna gifted it to you on level 7 of the Lair of Beasts)

   Spells                             Type                      Level
   a - Searing Ray                    Conjuration                  2
   b - Conjure Flame                  Conjuration/Fire             3
   c - Iskenderun's Mystic Blast      Conjuration                  4
   d - Bolt of Magma                  Conjuration/Fire/Earth       5
   e - Irradiate                      Conjuration/Transmutation    5
Comestibles
 d - 12 bread rations
 x - 3 fruits
 A - 6 beef jerkies
 H - 13 meat rations
 W - a slice of pizza


   Skills:
 + Level 5.0 Fighting
 + Level 9.0 Dodging
 - Level 2.4 Stealth
 * Level 14.0 Spellcasting
 + Level 8.8 Conjurations
 + Level 7.9 Charms
   Level 1.1 Summonings
 + Level 7.0 Translocations
   Level 5.1 Transmutations
 + Level 8.4 Fire Magic
 - Level 3.7 Air Magic
 * Level 6.7 Earth Magic
 - Level 5.2 Poison Magic
 * Level 9.5 Invocations
 + Level 5.9 Evocations


You had 2 spell levels left.
You knew the following spells:

 Your Spells              Type           Power        Failure   Level  Hunger
a - Magic Dart            Conj           ####         1%          1    None
b - Conjure Flame         Conj/Fire      ######..     1%          3    None
c - Iskenderun's Mystic   Conj           ######..     1%          4    None
d - Blink                 Tloc           N/A          1%          2    None
e - Mephitic Cloud        Conj/Pois/Air  ######..     1%          3    None
f - Repel Missiles        Chrm/Air       ######       1%          2    None
h - Lee's Rapid Deconstr  Erth           ######....   2%          5    None
i - Sticky Flame          Conj/Fire      ######..     1%          4    None
v - Venom Bolt            Conj/Pois      ######....   2%          5    None
x - Force Lance           Conj/Tloc      ######..     1%          4    None
z - Fireball              Conj/Fire      ######....   1%          5    None


Dungeon Overview and Level Annotations

Branches:
Dungeon (10/15) Temple (1/1) D:5 Lair (8/8) D:9 Swamp (0/5) Lair:5 Snake (0/5) Lair:4 Lair:6 Slime (0/6) Lair:6 Orc: D:9-12

Altars:
Ashenzari
Cheibriados
Dithmenos
Elyvilon
Fedhas
Gozag
Kikubaaqudgha
Makhleb
Nemelex Xobeh
Okawaru
Qazlal
Ru
Sif Muna
Trog
Vehumet
Xom
Yredelemnul
Zin
The Shining One


Message History

Casting: Fireball
Confirm with . or Enter, or press ? or * to list all spells.
Aiming: Venom Bolt
Press: ? - help, Shift-Dir - straight line, f/p - death yak
Aim: a death yak (severely wounded)
The bolt of poison hits the death yak.
The death yak is poisoned.
You kill the death yak!
The bolt of poison hits the death yak.
The death yak is poisoned.
The death yak is almost dead.
You are starving!
You hit the death yak but do no damage.
The death yak is almost dead.
The death yak gores you!!
* * * LOW HITPOINT WARNING * * *
The death yak looks more healthy.
The death yak gores you!
* * * LOW HITPOINT WARNING * * *
Drink which item? (? for menu, Esc to quit)
You feel better. The death yak gores you!
You die...

.............#.####
.......#..#....#
###..#..##.....#
#.###.######..####
####### ##....#
###..##### ###...###
..#...##.###.......#
....†...#..........#
....†..........Y@..#
..##.#.#..........##
#####.#.##..#...###
#.#.##...#####
########## # ####.##
## ##.....### .#
#......#.# ##
##...#....##


You could see a death yak.

Vanquished Creatures
  A catoblepas (Lair:6)
  4 hydras
  21 death yaks
  6 oklob plants
  2 griffons
  4 elephants (Lair:5)
  A black mamba (Lair:6)
  3 komodo dragons
  7 spiny frogs
  A fire drake (Lair:6)
  3 giant leeches (Lair:5)
  A troll (D:9)
  A two-headed ogre (D:9)
  14 blink frogs (Lair:7)
  Grinder (D:6)
  A polar bear (Lair:7)
  2 basilisks (Lair:5)
  30 yaks
  A deep elf fighter (D:9)
  6 hippogriffs
  2 wyverns
  A hungry ghost (D:10)
  13 water moccasins
  A swamp worm (Lair:5)
  3 nagas
  A phantom (D:9)
  8 ogres
  3 black bears
  2 sky beasts
  A boring beetle (Lair:6)
  An orc warrior (D:7)
  12 porcupines
  A necrophage (D:7)
  12 crocodiles
  A big kobold (D:9)
  14 giant frogs
  A killer bee (D:9)
  8 hounds
  An electric eel (D:10)
  2 giant frog zombies
  A crimson imp (D:8)
  A quasit (D:9)
  2 giant frog skeletons
  3 jellies
  2 orc priests (D:7)
  A centaur skeleton (D:8)
  5 worker ants
  7 iguanas
  4 orc wizards
  16 sheep
  A killer bee zombie (D:9)
  Ijyb (D:6)
  A hound zombie (D:9)
  3 hound skeletons (D:7)
  41 river rats
  A giant mite (D:2)
  21 adders
  4 worms
  An adder skeleton (D:5)
  5 giant geckos
  16 orcs
  31 bats
  A bat zombie (D:8)
  6 goblins
  15 hobgoblins
  15 kobolds
  10 quokkas
  A ball python (D:8)
  4 giant cockroaches
  2 giant gecko skeletons
  4 giant newts
  2 giant spores
  A quokka zombie (D:7)
  27 rats
  4 ballistomycetes
  A fungus (Lair:7)
  2 plants (Lair:1)
461 creatures vanquished.

Vanquished Creatures (collateral kills)
  A giant frog (D:8)
  A scorpion (D:8)
  An orc wizard (D:8)
  A worm (D:2)
  A giant gecko (D:8)
  6 orcs
  A hobgoblin (D:7)
  A kobold (D:2)
13 creatures vanquished.

Vanquished Creatures (others)
  An electric eel (D:10)
  3 white imps
  19 fungi
  15 plants
38 creatures vanquished.

Grand Total: 512 creatures vanquished

Notes
Turn   | Place    | Note
--------------------------------------------------------------
     0 | D:1      | faibistes, the Deep Elf Wizard, began the quest for the Orb.
     0 | D:1      | Reached XP level 1. HP: 10/10 MP: 6/6
   630 | D:2      | Reached XP level 2. HP: 15/15 MP: 8/10
   634 | D:2      | Learned a level 2 spell: Blink
   637 | D:2      | Learned a level 2 spell: Call Imp
  1246 | D:2      | Reached skill level 5 in Spellcasting
  1496 | D:2      | Reached XP level 3. HP: 19/19 MP: 2/14
  1501 | D:2      | Learned a level 3 spell: Conjure Flame
  1505 | D:2      | Learned a level 3 spell: Mephitic Cloud
  2433 | D:3      | Reached XP level 4. HP: 24/24 MP: 7/17
  2442 | D:3      | Learned a level 2 spell: Repel Missiles
  3172 | D:3      | Reached skill level 6 in Spellcasting
  3346 | D:4      | Noticed an ogre
  3619 | D:3      | Reached XP level 5. HP: 28/28 MP: 16/20
  3884 | D:3      | Found a glowing golden altar of the Shining One.
  3884 | D:3      | Found a stormy altar of Qazlal.
  3968 | D:4      | Found a sparkling altar of Nemelex Xobeh.
  4040 | D:4      | Found a deep blue altar of Sif Muna.
  4046 | D:4      | Became a worshipper of Sif Muna the Loreminder
  4364 | D:5      | Entered Level 5 of the Dungeon
  4497 | D:4      | HP: 1/28 [ogre/giant spiked club (27)]
  4511 | D:4      | Killed an ogre
  4511 | D:4      | Reached XP level 6. HP: 8/32 MP: 2/22
  4756 | D:4      | Noticed an ogre
  4763 | D:4      | Killed an ogre
  4763 | D:4      | Reached skill level 7 in Spellcasting
  4959 | D:4      | Noticed an ogre
  4971 | D:4      | Killed an ogre
  5224 | D:5      | Acquired Sif Muna's first power
  5224 | D:5      | Reached skill level 1 in Fire Magic
  5224 | D:5      | Reached skill level 1 in Air Magic
  5224 | D:5      | Reached XP level 7. HP: 36/36 MP: 16/25
  5579 | D:5      | Found a staircase to the Ecumenical Temple.
  5591 | Temple   | Entered the Ecumenical Temple
  6054 | D:6      | Noticed Grinder
  6054 | D:6      | Paralysed by Grinder for 5 turns
  6063 | D:6      | Paralysed by Grinder for 7 turns
  6144 | D:6      | Killed Grinder
  6144 | D:6      | Reached skill level 1 in Poison Magic
  6400 | D:6      | Found an iron altar of Okawaru.
  6463 | D:6      | Found an iron altar of Okawaru.
  6493 | D:7      | Reached skill level 8 in Spellcasting
  6810 | D:6      | Noticed Ijyb
  6887 | D:5      | Acquired Sif Muna's second power
  6887 | D:5      | Reached skill level 5 in Conjurations
  6887 | D:5      | Reached XP level 8. HP: 41/41 MP: 7/27
  7090 | D:6      | Killed Ijyb
  7294 | D:7      | Reached skill level 5 in Dodging
  7942 | D:7      | Reached skill level 9 in Spellcasting
  7942 | D:7      | Reached skill level 1 in Invocations
  7972 | D:8      | Reached skill level 1 in Charms
  8454 | D:7      | Reached XP level 9. HP: 46/46 MP: 25/29
  8490 | D:7      | Found a burning altar of Makhleb.
  8517 | D:7      | Reached skill level 1 in Fighting
  9092 | D:8      | Got a crude whip
  9093 | D:8      | Identified the +4 whip "Bleg" {freeze, rF+ MP+9 Int+2 Dex-3} (You found it on level 8 of the Dungeon)
  9469 | D:10     | Entered Level 10 of the Dungeon
  9856 | D:9      | Learned a level 5 spell: Venom Bolt
 10017 | D:10     | Reached skill level 10 in Spellcasting
 10358 | D:9      | Acquired Sif Muna's third power
 10655 | D:9      | Found a staircase to the Lair.
 10985 | D:10     | Reached XP level 10. HP: 53/53 MP: 30/31
 11016 | D:9      | Reached skill level 1 in Evocations
 11303 | D:9      | Reached skill level 5 in Fire Magic
 11634 | Lair:1   | Entered Level 1 of the Lair of Beasts
 12237 | Lair:2   | Reached skill level 5 in Invocations
 12548 | Lair:2   | Reached skill level 11 in Spellcasting
 12914 | Lair:1   | Noticed an oklob plant
 13170 | Lair:1   | Killed an oklob plant
 13309 | Lair:1   | Noticed an oklob plant
 13327 | Lair:1   | Noticed an oklob plant
 13340 | Lair:1   | Killed an oklob plant
 13340 | Lair:1   | Reached XP level 11. HP: 43/59 MP: 0/33
 13634 | Lair:1   | Noticed an oklob plant
 13930 | Lair:1   | Killed an oklob plant
 14090 | Lair:1   | Noticed an oklob plant
 14107 | Lair:1   | Killed an oklob plant
 14107 | Lair:1   | Reached skill level 5 in Poison Magic
 14386 | Lair:1   | Killed an oklob plant
 15180 | Lair:1   | Reached skill level 5 in Translocations
 17827 | Lair:5   | Received a gift from Sif Muna
 17871 | Lair:2   | Learned a level 3 spell: Passwall
 17877 | Lair:2   | Learned a level 5 spell: Lee's Rapid Deconstruction
 19017 | Lair:3   | Reached skill level 1 in Transmutations
 19017 | Lair:3   | Reached skill level 1 in Earth Magic
 19218 | Lair:4   | Found a staircase to the Snake Pit.
 19230 | Lair:4   | Reached skill level 12 in Spellcasting
 19711 | Lair:4   | Found a white marble altar of Elyvilon.
 19749 | Lair:4   | Reached skill level 5 in Charms
 20141 | Lair:5   | Reached XP level 12. HP: 42/64 MP: 7/35
 20935 | Lair:5   | Found a staircase to the Swamp.
 21566 | Lair:5   | Noticed a seven-headed hydra
 21575 | Lair:5   | Killed a seven-headed hydra
 22753 | Lair:7   | Noticed a six-headed hydra
 22804 | Lair:6   | Killed a six-headed hydra
 22804 | Lair:6   | Received a gift from Sif Muna
 22908 | Lair:6   | Identified Sif Muna's Reference Book on Protection and the Blaze (Sif Muna gifted it to you on level 6 of the Lair of Beasts)
 22921 | Lair:6   | Learned a level 4 spell: Sticky Flame
 23036 | Lair:8   | Entered Level 8 of the Lair of Beasts
 23206 | Lair:6   | Found a staircase to the Slime Pits.
 23220 | Lair:6   | Reached skill level 13 in Spellcasting
 23381 | Lair:6   | Found a staircase to the Snake Pit.
 23620 | Lair:6   | Noticed a four-headed hydra
 23634 | Lair:6   | Killed a four-headed hydra
 24160 | Lair:7   | Noticed a catoblepas
 24256 | Lair:6   | Killed a catoblepas
 24467 | Lair:6   | Reached XP level 13. HP: 40/71 MP: 17/36
 24471 | Lair:6   | Reached skill level 5 in Transmutations
 24471 | Lair:6   | Reached skill level 5 in Earth Magic
 24996 | Lair:6   | Identified a scroll of acquirement
 24997 | Lair:6   | Identified the Collected Works on Arcane Weapons and the Arsonist (You acquired it on level 6 of the Lair of Beasts)
 25004 | Lair:6   | Learned a level 5 spell: Fireball
 25172 | Lair:2   | Learned a level 4 spell: Force Lance
 25181 | Lair:2   | Learned a level 4 spell: Iskenderun's Mystic Blast
 25395 | Lair:7   | Noticed a seven-headed hydra
 25403 | Lair:7   | Killed a seven-headed hydra
 25727 | Lair:7   | You fall through a shaft!
 25750 | Lair:7   | Reached skill level 5 in Evocations
 26295 | Lair:7   | Received a gift from Sif Muna
 26297 | Lair:7   | Identified Phuestun's Tome of Battle Magic (Sif Muna gifted it to you on level 7 of the Lair of Beasts)
 27058 | Lair:7   | Reached skill level 14 in Spellcasting
 27084 | Lair:7   | Reached skill level 5 in Fighting
 27099 | Lair:7   | HP: 1/72 [death yak (15)]
 27100 | Lair:7   | Slain by a death yak

Action                   |  1- 3 |  4- 6 |  7- 9 | 10-12 | 13-15 || total
-------------------------+-------+-------+-------+-------+-------++-------
Melee: Unarmed           |     3 |     1 |       |       |       ||     4
       Dagger            |       |     2 |    24 |       |       ||    26
       Whip              |       |       |    43 |   119 |    12 ||   174
       Staff             |       |       |       |     8 |       ||     8
 Cast: Magic Dart        |   102 |   134 |   396 |   326 |     8 ||   966
       Call Imp          |     6 |       |    11 |       |       ||    17
       Mephitic Cloud    |     3 |    10 |    28 |    15 |       ||    56
       Blink             |     2 |     1 |     2 |    25 |     4 ||    34
       Conjure Flame     |       |     6 |    41 |    93 |    20 ||   160
       Repel Missiles    |       |     1 |       |     2 |       ||     3
       Venom Bolt        |       |       |     1 |   239 |     9 ||   249
       Sticky Flame      |       |       |       |     5 |    12 ||    17
       Fireball          |       |       |       |       |    48 ||    48
       Force Lance       |       |       |       |       |    19 ||    19
Invok: Channel Energy    |       |       |     1 |    60 |    25 ||    86
Evoke: Wand              |       |       |       |     2 |       ||     2
  Use: Scroll            |       |     6 |    17 |     9 |     7 ||    39
       Potion            |       |       |       |     2 |     1 ||     3
 Stab: Distracted        |     1 |       |       |       |       ||     1
       Sleeping          |       |       |     1 |     1 |       ||     2
       Confused          |       |       |     1 |     3 |       ||     4
  Eat: Chunk             |     4 |     9 |    19 |    39 |     8 ||    79
       Fruit             |       |       |       |     9 |       ||     9
       Beef jerky        |       |       |       |     3 |       ||     3
       Pizza             |       |       |       |     1 |       ||     1
       Royal jelly       |       |       |       |       |     1 ||     1
